 Dungeon Crawl Stone Soup version 0.31-a0-831-g143b1e81fc (webtiles) character file.

Game seed: 3719217715931680468

103 Turgor the Changeling (level 4, 0/34 HPs)
             Began as a Barachi Shapeshifter on Sept 24, 2023.
             Succumbed to their own poison gas
             ... on level 2 of the Dungeon.
             The game lasted 00:05:49 (1386 turns).

Turgor the Changeling (Barachi Shapeshifter)        Turns: 1386, Time: 00:05:50

Health: 0/34       AC:  0    Str: 17    XL:     4   Next: 79%
Magic:  4/4        EV: 14    Int: 11    God:
Gold:   100        SH:  0    Dex: 11    Spells: 3/3 levels left

rFire   . .          .
                       - Unarmed
rCold   . . .        (shield currently unavailable)
rNeg    . . .        m - melded +0 robe of Uckelek {rF+ Regen+}
rPois   .            (helmet currently unavailable)
rElec   .            (cloak currently unavailable)
rCorr   .            (gloves currently unavailable)
SInv    .            (boots currently unavailable)
Will    .....        p - amulet of magic regeneration
Stlth   +            (ring currently unavailable)
HPRegen 0.25/turn    (ring currently unavailable)
MPRegen 0.49/turn

%: no passive effects
@: confused, lethally poisoned (0 -> -57), pig-form, ambrosia-drunk, very quick
A: fast, no casting, (amphibious), small, (slowness 1), (strong legs 1), +LOS
a: no special abilities


You were on level 2 of the Dungeon.
You were a filthy swine.
You visited 1 branch of the dungeon, and saw 2 of its levels.

You collected 100 gold pieces.

Inventory:

Hand Weapons
 i - a +2 vampiric dagger
Missiles
 a - 5 poisoned darts (quivered)
 f - 2 javelins
Armour
 k - a +0 pair of boots
 m - the +0 robe of Uckelek (melded) {rF+ Regen+}
   (You found it on level 2 of the Dungeon)

   rF+:       It protects you from fire.
   Regen+:    It increases your rate of health regeneration.
Jewellery
 p - an amulet of magic regeneration (around neck)
Talismans
 c - a beast talisman
 d - a flux talisman
Scrolls
 e - 3 scrolls of poison
 g - a scroll of noise {unknown}
 l - a scroll of summoning {unknown}
 n - a scroll of revelation {unknown}
 o - a scroll of amnesia {unknown}
Potions
 j - a potion of heal wounds {unknown}


   Skills:
 + Level 2.5 Fighting
 + Level 3.0 Dodging
 + Level 3.9 Unarmed Combat
 * Level 4.3 Shapeshifting


You had 3 spell levels left.
You didn't know any spells.
Your spell library contained the following spells:

 Spells                   Type           Power      Damage    Failure   Level
 Ensorcelled Hibernation  Hex/Ice        0%         N/A       47%         2
 Wereblood                Tmut           0%         N/A       47%         2
 Summon Guardian Golem    Hex/Summ       0%         N/A       71%         3
 Iskenderun's Battlesphe  Conj           0%         2d6       100%        5
 Bombard                  Conj/Erth      0%         9d1       100%        6
 Spellforged Servitor     Conj/Summ      0%         N/A       100%        7


Dungeon Overview and Level Annotations

Branches:
Dungeon (2/15)

Altars:

Annotations:
D:2 Terence


Innate Abilities, Weirdness & Mutations

You are a filthy swine.
You move quickly.
Your equipment is almost entirely melded.
You are incapable of wielding weapons or throwing items.
You cannot cast spells.
((You are amphibious.))
((You cover ground slowly.))
((You can hop short distances.))
You have an extended range of vision and can be seen from far away.


Message History

The orc misses you.
You closely miss the orc.
The orc is almost dead.
You hit the orc.
You kill the orc!
You now have 100 gold pieces (gained 9).
Terence the Incautious comes into view.
He is wielding a +0 morningstar and carrying a wand of polymorph.
Terence shouts!
Okay, then.
The air fills with toxic fumes!
As you read the scroll labelled QITANA CASYO, it crumbles to dust.
It was a scroll of poison.
Terence closely misses you.
You punch Terence!
Terence is moderately wounded.
Terence closely misses you.
You closely miss Terence.
Terence is moderately wounded.
Terence zaps a wand.
Your transformation has ended.
You turn into a filthy swine.
The +0 robe of Uckelek {rF+ Regen+} melds into your body.
It was a potion of ambrosia.
You are confused.
You feel invigorated. Terence hits you with a +0 morningstar!
You barely miss Terence.
Terence is moderately wounded.
Terence barely misses you.
You are engulfed in poison gas.
You are poisoned.
You feel very sick.
You are engulfed in poison gas.
You are lethally poisoned!
You feel very sick.
You are engulfed in poison gas.
You are more poisoned.
You feel extremely sick. Terence misses you.
You bump into the rock wall.
You are engulfed in poison gas.
You are more poisoned.
* * * LOW HITPOINT WARNING * * *
You die...

##.###.###.#.####
#§§§............
#☼§###.###.##)#.
#§○# #.###.# . #§☼#
#.....# .#
##☼§#######.#
#○§§.....##.# #§§@#
#.##.# #§☼h#
#.#..##.###. #§§§#
#.#.........#
#§§§####.#.###.###..
#§§§§..........####
#☼☼§§.##...........
##§##.####.########
#§##.# #.# #§##.#
#[# #.##.# #.#


You could see Terence.

Vanquished Creatures
  Jessica (D:2)
  A gnoll (D:1)
  An adder (D:2)
  A worm (D:2)
  3 dart slugs
  An orc (D:2)
  7 ball pythons
  4 endoplasms
  2 giant cockroaches (D:1)
  A hobgoblin (D:1)
  4 jackals (D:2)
  3 quokkas
  2 bats
  3 frilled lizards
  11 goblins
  2 kobolds (D:1)
  2 rats
49 creatures vanquished.

Notes
Turn   | Place    | Note
-------+----------+-------------------------------------------
     0 | D:1      | Turgor the Barachi Shapeshifter began the quest for the
                  | Orb.
     0 | D:1      | Reached XP level 1. HP: 15/15 MP: 1/1
   147 | D:1      | Reached XP level 2. HP: 21/21 MP: 2/2
   385 | D:1      | Reached XP level 3. HP: 26/27 MP: 3/3
   995 | D:2      | Identified the +0 robe of Uckelek {rF+ Regen+}
  1055 | D:2      | Reached skill level 4 in Shapeshifting
  1089 | D:2      | Reached XP level 4. HP: 32/33 MP: 4/4
  1151 | D:2      | Got an antique book
  1241 | D:2      | Noticed Jessica
  1257 | D:2      | Killed Jessica
  1339 | D:2      | Identified the +1 robe "Dittotee" {rCorr}
  1377 | D:2      | Noticed Terence
  1386 | D:2      | Succumbed to their own poison gas

Illustrated notes

Levels and vault maps discovered:
D:1:      sevenhm_arrival_forest_fort_small_5, layout_basic
D:2:      layout_loops_ring, uniq_jessica, uniq_terence

Skill      XL: |  1  2  3  4 |
---------------+-------------+-----
Fighting       | 2 |  2.5
Shapeshifting  | 4 |  4.3
Dodging        | 3 |  3.0
Unarmed Combat | |  3.9

Action                     |  1- 3 |  4- 6 || total
---------------------------+-------+-------++-------
  Melee: Unarmed           |    95 |    47 ||   142
         Punch             |     1 |       ||     1
  Throw: Javelin           |     3 |       ||     3
    Use: Potion            |       |     2 ||     2
         Scroll            |       |     1 ||     1
   Stab: Sleeping          |     1 |     1 ||     2
 Armour: Animal skin       |    31 |       ||    31
         Robe              |    12 |    25 ||    37
         Skin              |       |     4 ||     4
  Dodge: Dodged            |    46 |    32 ||    78

Table legend: (Time is in decaauts)
 A = Elapsed time spent in this place.
 B = Non-inter-level travel time spent in this place.
 C = Inter-level travel time spent in this place.
 D = Time resting spent in this place.
 E = Time spent auto-exploring this place.
 F = Levels seen in this place.
 G = Mean time per level.
                   A        B        C        D        E       F      G
               +--------+--------+--------+--------+--------+-----+--------+
         Total |   1563 |   1561 |      2 |     60 |   1094 |   2 |  781.5 |
       Dungeon |   1563 |   1561 |      2 |     60 |   1094 |   2 |  781.5 |
               +--------+--------+--------+--------+--------+-----+--------+

Top non-repeatable levels by time:
     D:1: 1050 daAuts
     D:2: 512 daAuts
